 Dungeon Crawl Stone Soup version 0.31-a0-220-gc2f4f3cf83 (webtiles) character file.

Game seed: 13808188490845517879

389 qw the Shooter (level 6, -1/52 HPs)
             Began as a Minotaur Hexslinger on July 3, 2023.
             Was an Initiate of Okawaru.
             Succumbed to Edmund's poison
             ... on level 4 of the Dungeon.
             The game lasted 00:01:16 (3783 turns).

qw the Shooter (Minotaur Hexslinger)                Turns: 3783, Time: 00:01:17

Health: -1/52      AC:  5    Str: 19    XL:     6   Next: 50%
Magic:  6/6        EV: 11    Int: 10    God:    Okawaru [......]
Gold:   159        SH:  0    Dex: 14    Spells: 6/7 levels left

rFire   . . .        Y - +1 sling
rCold   . . .        (no shield)
rNeg    . . .        e - +0 ring mail
rPois   .            (helmet restricted)
rElec   .            (no cloak)
rCorr   .            (no gloves)
SInv    +            (no boots)
Will    .....        (no amulet)
Stlth   +            f - +6 ring of strength
HPRegen 0.28/turn    n - ring of see invisible
MPRegen 0.10/turn

%: no passive effects
@: lethally poisoned (-1 -> -32), about to teleport
A: horns 2, retaliatory headbutt
a: Renounce Religion


You were on level 4 of the Dungeon.
You worshipped Okawaru.
Okawaru was noncommittal.
You visited 2 branches of the dungeon, and saw 5 of its levels.
You also visited: Sewer.

You collected 159 gold pieces.


Innate Abilities, Weirdness & Mutations

You have a pair of horns on your head.
You reflexively headbutt those who attack you in melee.


   Skills:
 - Level 4.0 Fighting
 + Level 6.4 Ranged Weapons
 - Level 1.9 Armour
 - Level 2.1 Dodging
 - Level 1.0 Spellcasting
 - Level 2.0 Hexes


You had 6 spell levels left.
You knew the following spells:

 Your Spells              Type           Power      Damage    Failure   Level
a - Slow                  Hex            16%        N/A       26%         1

Your spell library contained the following spells:

 Spells                   Type           Power      Damage    Failure   Level
 Inner Flame              Hex/Fire       2%         N/A       75%         3
 Portal Projectile        Hex/Tloc       4%         N/A       75%         3
 Cause Fear               Hex            2%         N/A       95%         4

Inventory:

Hand Weapons
 Y - a +1 sling (weapon)
Armour
 e - a +0 ring mail (worn)
Jewellery
 c - a ring of fire
 f - a +6 ring of strength (left hand)
 n - a ring of see invisible (right hand)
 o - a ring of positive energy
Scrolls
 i - 2 scrolls of identify
Potions
 a - 2 potions of enlightenment
 b - a potion of cancellation {unknown}
 d - a potion of heal wounds
 g - a potion of invisibility {unknown}
 h - 5 potions of might
 j - 2 potions of curing
 k - a potion of attraction {unknown}
 l - a potion of berserk rage {unknown}
 p - a potion of lignification {unknown}

Dungeon Overview and Level Annotations

Branches:
Dungeon (4/15)             Temple (1/1) D:4           Sewer (visited)

Altars:
Ashenzari
Dithmenos
Fedhas
Gozag
Kikubaaqudgha
Makhleb
Okawaru
Qazlal
Trog
Uskayaw
Wu Jian
Yredelemnul

Annotations:
D:4 Edmund


Message History

You shoot a sling bullet.
Edmund shouts!
The sling bullet hits the goblin.
You kill the goblin!
Okawaru accepts your kill.
Edmund gestures with his flail.
You shoot a sling bullet. The sling bullet closely misses Edmund.
You shoot a sling bullet. The sling bullet hits Edmund.
Edmund is lightly wounded.
You shoot a sling bullet.
The sling bullet hits Edmund but does no damage.
Edmund is lightly wounded.
You shoot a sling bullet. The sling bullet barely misses Edmund.
You shoot a sling bullet. The sling bullet barely misses Edmund.
Edmund hits you with a +5 dire flail of venom.
You are poisoned.
You shoot a sling bullet. The sling bullet hits Edmund.
Edmund is lightly wounded.
You feel very sick.
Edmund hits you with a +5 dire flail of venom!
You are more poisoned.
You shoot a sling bullet. The sling bullet barely misses Edmund.
You feel extremely sick. Edmund misses you.
You shoot a sling bullet.
The sling bullet hits Edmund but does no damage.
Edmund is lightly wounded.
You feel very sick.
Edmund hits you with a +5 dire flail of venom.
You shoot a sling bullet.
The sling bullet hits Edmund but does no damage.
Edmund is lightly wounded.
You feel very sick. Edmund closely misses you.
Edmund hits you with a +5 dire flail of venom!
You are more poisoned.
3783 ||| READING scroll of teleportation.
As you read the scroll of teleportation, it crumbles to dust.
You feel strangely unstable.
You die...

...###+####### ...)..@@.....#
..............#
..##+##...#######..##
###.....#...##...##..#
..#.....#...##....#..##
..#.....#...##....#...#
#.#.....#...###'#####.# ###
#.##....#...#.........# #.#####
...#....###'#.........#####.....#


You could see Edmund.

Vanquished Creatures
  2 kobold brigands (Sewer)
  A scorpion (D:4)
  An orc priest (D:3)
  A sleepcap (D:4)
  4 adders
  2 river rats (Sewer)
  A worm (D:2)
  A dart slug (D:4)
  7 orcs
  5 ball pythons
  3 bats
  6 endoplasms
  3 giant cockroaches
  5 goblins
  4 hobgoblins
  6 jackals
  A quokka (D:2)
  5 frilled lizards
  11 kobolds
  8 rats
77 creatures vanquished.

Notes
Turn   | Place    | Note
-------+----------+-------------------------------------------
     0 | D:1      | qw the Minotaur Hexslinger began the quest for the Orb.
     0 | D:1      | Reached XP level 1. HP: 16/16 MP: 1/1
     0 | D:1      | 0 ||| qw: Version: 0.3-a-40-ge99b1a8
     0 | D:1      | 0 ||| qw: Game counter: 461
     0 | D:1      | 0 ||| qw: Melee chars always use a shield: true
     0 | D:1      | 0 ||| qw: God list: Okawaru
     0 | D:1      | 0 ||| qw: Allow faded altars: false
     0 | D:1      | 0 ||| qw: Do Orc after clearing Dungeon:15 true
     0 | D:1      | 0 ||| qw: Do second Lair branch before Depths: true
     0 | D:1      | 0 ||| qw: Lair rune preference: random
     0 | D:1      | 0 ||| qw: Goals: Normal
     0 | D:1      | 0 ||| PLANNING D:1-11
   264 | D:1      | Reached skill level 3 in Ranged Weapons
   264 | D:1      | Reached XP level 2. HP: 23/23 MP: 2/2
   439 | D:1      | 439 ||| UPGRADING to +0 ring mail.
   449 | D:1      | 449 ||| DROPPING +0 robe.
   450 | D:1      | 450 ||| UPGRADING to +6 ring of strength.
   451 | D:1      | 451 ||| READING scroll labelled NIARPH ETHREFITZU.
   456 | D:1      | 456 ||| DRINKING 2 clear potions.
   457 | D:1      | 457 ||| DROPPING scroll of poison.
   768 | D:2      | Reached XP level 3. HP: 30/30 MP: 3/3
  1311 | D:2      | Reached skill level 4 in Ranged Weapons
  1528 | D:2      | 1528 ||| DROPPING ring of flight.
  1529 | D:2      | 1529 ||| READING scroll labelled HIUROICUAST.
  1530 | D:2      | 1530 ||| READING 2 scrolls labelled VATYATZOZIH.
  1571 | D:3      | 1571 ||| PLANNING SEWER
  1718 | D:3      | Found a glowing drain.
  1775 | D:3      | Reached XP level 4. HP: 29/37 MP: 4/4
  1808 | Sewer    | Entered a sewer
  1827 | Sewer    | HP: 9/37 [river rat (4)]
  1828 | Sewer    | 1828 ||| READING scroll of teleportation.
  1830 | Sewer    | HP: 4/37 [river rat (5)]
  1969 | Sewer    | Noticed a kobold brigand
  1970 | Sewer    | Noticed a kobold brigand
  1981 | Sewer    | Killed a kobold brigand
  1982 | Sewer    | Reached skill level 5 in Ranged Weapons
  1982 | Sewer    | Reached XP level 5. HP: 35/42 MP: 5/5
  2086 | Sewer    | Found a white marble altar of Elyvilon.
  2115 | Sewer    | 2115 ||| Stepping ~*~*~tactically~*~*~ (water).
  2117 | Sewer    | 2117 ||| Stepping ~*~*~tactically~*~*~ (water).
  2221 | D:3      | 2221 ||| PLANNING D:1-11
  2315 | D:3      | 2315 ||| FLEEEEING.
  2316 | D:3      | 2316 ||| FLEEEEING.
  2317 | D:3      | 2317 ||| FLEEEEING.
  2318 | D:3      | 2318 ||| FLEEEEING.
  2319 | D:3      | 2319 ||| FLEEEEING.
  2320 | D:3      | 2320 ||| FLEEEEING.
  2321 | D:3      | 2321 ||| FLEEEEING.
  2322 | D:3      | 2322 ||| FLEEEEING.
  2323 | D:3      | 2323 ||| FLEEEEING.
  2327 | D:3      | 2327 ||| FLEEEEING.
  2328 | D:3      | 2328 ||| FLEEEEING.
  2329 | D:3      | 2329 ||| FLEEEEING.
  2330 | D:3      | 2330 ||| FLEEEEING.
  2331 | D:3      | 2331 ||| FLEEEEING.
  2332 | D:3      | 2332 ||| FLEEEEING.
  2333 | D:3      | 2333 ||| FLEEEEING.
  2334 | D:3      | 2334 ||| FLEEEEING.
  2360 | D:3      | HP: 7/46 [orc priest/divine providence (12)]
  2361 | D:3      | 2361 ||| DRINKING 2 potions of heal wounds.
  2365 | D:3      | Reached skill level 1 in Armour
  2469 | D:3      | Reached XP level 6. HP: 50/52 MP: 6/6
  2972 | D:3      | 2972 ||| UPGRADING to ring of see invisible.
  3006 | D:4      | Found an opulent altar of Gozag.
  3176 | D:4      | Found a staircase to the Ecumenical Temple.
  3177 | D:4      | 3177 ||| PLANNING TEMPLE
  3182 | Temple   | Entered the Ecumenical Temple
  3192 | Temple   | 3192 ||| PLANNING OKAWARU WORSHIP
  3271 | Temple   | Became a worshipper of Warmaster Okawaru
  3272 | Temple   | 3272 ||| PLANNING D:1-11
  3350 | D:4      | Reached skill level 6 in Ranged Weapons
  3474 | D:4      | Found an ornate altar of the Wu Jian Council.
  3772 | D:4      | Noticed Edmund
  3782 | D:4      | HP: 6/52 [Edmund/+5 dire flail of venom (9)]
  3783 | D:4      | 3783 ||| READING scroll of teleportation.
  3783 | D:4      | Succumbed to Edmund's poison

Levels and vault maps discovered:
D:1:      psy_arrival_conway, layout_rooms, kennysheep_another_room
D:2:      minmay_razor_zed, layout_loops_corners
D:3:      layout_basic, gup_sewer_entry_glass
D:4:      layout_gridville, kennysheep_mini_moat, nicolae_wu_jian_wuxing_cycle,
          minmay_temple_entry_fiery, chequers_decorated_corner, uniq_edmund
Temple:   zaba_magenta_temple

Skill      XL: |  1  2  3  4  5  6 |
---------------+-------------------+-----
Ranged Weapons | 3 4 5 6 |  6.4
Fighting       | 2 4 |  4.0
Armour         | 1 |  1.9
Dodging        | |  2.1
Spellcasting   | |  1.0
Hexes          | |  2.0

Action                     |  1- 3 |  4- 6 || total
---------------------------+-------+-------++-------
   Fire: Sling             |   120 |   154 ||   274
    Use: Scroll            |     3 |     2 ||     5
         Potion            |     1 |     1 ||     2
 Armour: Robe              |     1 |       ||     1
         Ring mail         |    25 |    22 ||    47
  Dodge: Dodged            |    47 |    58 ||   105

Table legend:
 A = Non-vault XP
 B = Vault XP
 C = Vault XP percentage of total XP
 D = Non-vault monster count
 E = Vault monster count
 F = Vault count percentage of total count
                 A         B        C        D         E       F
            +---------+---------+-------+---------+---------+-------
      Total |     283 |     274 |  49.2 |      50 |      27 |  35.1
            +---------+---------+-------+---------+---------+-------
        D:1 |      16 |       0 |   0.0 |      10 |       0 |   0.0
        D:2 |      35 |      29 |  45.3 |      12 |      11 |  47.8
        D:3 |      69 |      18 |  20.7 |      12 |       3 |  20.0
        D:4 |     163 |       0 |   0.0 |      16 |       0 |   0.0
      Sewer |       0 |     227 | 100.0 |       0 |      13 | 100.0
            +---------+---------+-------+---------+---------+-------
